 Dungeon Sprint DCSS version 0.30-a0-840-ga523dec638 (webtiles) character file.

Game seed: 2673978044499498505

9044 dialectric the Fencer (level 11, 0/80 HPs)
             Began as a Gargoyle Fighter on Mar 1, 2023.
             Slain by a frost giant
             ... wielding a +0 battleaxe of freezing
              (17 damage)
             ... in the Dungeon (Sprint II: "The Violet Keep of Menkaure").
             The game lasted 00:06:15 (980 turns).

dialectric the Fencer (Gargoyle Fighter)             Turns: 980, Time: 00:06:16

Health: 0/80       AC: 31    Str: 25    XL:     11   Next: 40%
Magic:  11/11      EV: 10    Int:  9    God:
Gold:   11         SH:  0    Dex: 11    Spells: 10/10 levels left

rFire   . . .      SeeInvis .    d - +5 triple sword (holy)
rCold   . . .      Faith    .    (shield currently unavailable)
rNeg    + + .      Spirit   .    j - +2 chain mail {rN+}
rPois   ∞          Reflect  .    (helmet restricted)
rElec   +          Harm     .    (no cloak)
rCorr   .          Rampage  .    k - +3 pair of gloves "Wifyu" {Str+3}
Will    .....      Rage     3%   f - +0 pair of boots {Stlth+} Stlth NoTele +
                                 (no amulet)
HPRegen 0.33/turn                (no ring)
MPRegen 0.12/turn                (no ring)

@: no status effects
A: sickness immunity, AC +8, negative energy resistance 1, electricity
resistance, torment resistance 1, petrification resistance, antennae 1,
iridescent scales 1, berserk 1
a: no special abilities


You were in the Dungeon.
You visited 1 branch You collected 1638 gold pieces.
You spent 1627 gold pieces at shops.

Inventory:

Hand Weapons
 a - a +0 long sword
 d - a +5 triple sword of holy wrath (weapon)
Armour
 b - a +0 scale mail
 c - a +0 buckler
 f - a +0 pair of boots of stealth (worn)
 j - a +2 chain mail of positive energy (worn)
 k - the +3 pair of gloves "Wifyu" (worn) {Str+3}
   (You bought it in a shop in the Dungeon)

   Str:       It affects your strength (+3).
 p - a +0 helmet
Scrolls
 o - 2 scrolls of blinking
 q - a scroll of fog
Potions
 e - 3 potions of flight
 g - a potion of haste
 h - 2 potions of magic
 i - a potion of curing
 l - a potion of brilliance {unknown}
 m - a potion of heal wounds


   Skills:
 + Level 14.7 Fighting
 * Level 18.6 Long Blades
 + Level 13.6 Armour
 - Level 4.1 Dodging
 + Level 1.1 Stealth
 - Level 3.2 Shields
 + Level 0.2 Unarmed Combat


You had 10 spell levels left.
You didn't know any spells.
Your spell library was empty.

Dungeon Overview and Level Annotations

Branches:
Dungeon (1/1)

Altars:
Cheibriados
Dithmenos
Elyvilon
Fedhas
Gozag
Hepliaklqana
Kikubaaqudgha
Makhleb
Ru
Sif Muna
Trog
Jiyva
Lugonu

Shops:
D *([:=[[(!?=[!*(=!:(:([[*:!?

Annotations:
D exclusion: oklob plant


Innate Abilities, Weirdness & Mutations

You are immune to sickness and miasma.
Your stone body is resilient. (AC +8)
You are immune to poison.
You resist negative energy. (rN+)
You are resistant to electric shocks. (rElec)
You are resistant to unholy torment.
You are immune to petrification.
You have a pair of small antennae on your head.
You are partially covered in iridescent scales. (AC +2)
You sometimes lose your temper in combat.


Message History

The bone dragon barely misses you.
The storm dragon bites you but does no damage.
The storm dragon claws you but does no damage.
The storm dragon tramples you but does no damage.
You slash the bone dragon!
The bone dragon convulses.
The bone dragon is heavily damaged.
The bone dragon bites you but does no damage.
The bone dragon claws you but does no damage.
The bone dragon tramples you but does no damage.
The storm dragon breathes lightning at you.
The bolt of lightning hits you. You resist.
You slice the bone dragon!!
The bone dragon convulses.
The bone dragon is severely damaged.
The bone dragon completely misses you. The bone dragon claws you.
The bone dragon tramples you!
You stumble backwards!
You slash the bone dragon!
The bone dragon convulses!
The bone dragon is almost destroyed.
The bone dragon bites you!
The bone dragon claws you but does no damage.
The bone dragon tramples you but does no damage.
You barely miss the bone dragon.
The bone dragon is severely damaged.
The storm dragon bites you. The storm dragon barely misses you.
The storm dragon tramples you but does no damage.
The storm dragon breathes lightning at you.
The bolt of lightning hits you! You resist. The bolt of lightning hits you!
You resist.
The bolt of lightning hits the storm dragon.
The storm dragon completely resists.
The bolt of lightning hits the storm dragon.
The storm dragon completely resists.
The bone dragon bites you but does no damage.
The bone dragon claws you! The bone dragon tramples you!
* * * LOW HITPOINT WARNING * * *
You stumble backwards!
The golden dragon bites you but does no damage.
The golden dragon barely misses you.
The golden dragon tramples you but does no damage.
The frost giant hits you with a +0 battleaxe of freezing!
You die...

###########
#......'..#
#C.2...#..####
#@######†##..#
#DD∩∩∩∩#.†'.##
#∩D∩∩∩∩#.D###§
#########..+§§
#...####§
$D2.D...)÷~##
############~~#+++#
###########~~~.....
##.∩.∩....#~~~~.##+


You could see a bone dragon, a golden dragon, a storm dragon (catching breath),
a frost giant and a cacodemon.

Vanquished Creatures
  Kirke (D)
  A yaktaur captain (D)
  A great orb of eyes (D)
  A centaur warrior (D)
  A skeletal warrior (D)
  2 death drakes (D)
  3 shining eyes (D)
  An elephant (D)
  2 cane toads (D)
  A kobold demonologist (D)
  3 slime creatures (D)
  4 wyverns (D)
  2 redbacks (D)
  Menkaure (D)
  3 water moccasins (D)
  A swamp drake (D)
  4 scorpions (D)
  5 necrophages (D)
  An iron imp (D)
  A hell rat (D)
  3 worms (D)
  2 spectral ball pythons (D)
44 creatures vanquished.

Vanquished Creatures (others)
  A water moccasin (D)
1 creature vanquished.

Grand Total: 45 creatures vanquished

Notes
Turn   | Place    | Note
-------+----------+-------------------------------------------
     0 | D        | dialectric the Gargoyle Fighter began the quest for the
                  | Orb.
     0 | D        | Reached XP level 1. HP: 14/14 MP: 1/1
     8 | D        | Noticed a scorpion
     8 | D        | Noticed a scorpion
    18 | D        | Killed a scorpion
    19 | D        | Reached skill level 5 in Fighting
    19 | D        | Reached skill level 3 in Long Blades
    19 | D        | Reached skill level 5 in Armour
    19 | D        | Reached XP level 2. HP: 20/21 MP: 2/2
    19 | D        | Reached XP level 3. HP: 25/26 MP: 3/3
    19 | D        | Reached XP level 4. HP: 30/31 MP: 4/4
    20 | D        | Killed a scorpion
    22 | D        | Noticed a scorpion
    22 | D        | Noticed a scorpion
    28 | D        | Killed a scorpion
    29 | D        | Reached skill level 4 in Long Blades
    29 | D        | Reached XP level 5. HP: 14/38 MP: 5/5
    29 | D        | Killed a water moccasin
    32 | D        | Reached skill level 5 in Long Blades
    32 | D        | Reached XP level 6. HP: 22/44 MP: 6/6
    69 | D        | Reached skill level 6 in Long Blades
    76 | D        | Reached skill level 7 in Long Blades
    88 | D        | Reached XP level 7. HP: 35/52 MP: 7/7
    95 | D        | Noticed a wyvern
    95 | D        | Noticed a wyvern
    98 | D        | Killed a wyvern
    99 | D        | Reached skill level 10 in Fighting
    99 | D        | Reached skill level 8 in Long Blades
    99 | D        | Reached skill level 10 in Armour
   105 | D        | Killed a wyvern
   138 | D        | Found Dakluti's Assorted Antiques.
   138 | D        | Found Ebeluol's Magic Scroll Emporium.
   138 | D        | Found Yneng's Book Shoppe.
   138 | D        | Found Cyqu's Antique Armour Shoppe.
   138 | D        | Found Otaal's Distillery.
   138 | D        | Found Lyffyfen's Antique Armour Emporium.
   138 | D        | Found Kuir Gina's Jewellery Shoppe.
   139 | D        | Found Duucleuh's Distillery.
   139 | D        | Found Varphasch's Antique Armour Shoppe.
   139 | D        | Found Afanno's Jewellery Shoppe.
   139 | D        | Noticed a manticore
   140 | D        | Found Hekiag Toid's Antique Weapon Emporium.
   140 | D        | Noticed a manticore
   141 | D        | Found Etymp's Antique Weapon Shoppe.
   141 | D        | Found Tiruheice's Antique Armour Emporium.
   141 | D        | Noticed Menkaure
   141 | D        | Noticed a manticore
   141 | D        | Noticed an oklob plant
   142 | D        | Found Cinusuq's Antique Armour Shoppe.
   142 | D        | Found Feli's Book Shoppe.
   142 | D        | Noticed a yak
   142 | D        | Noticed a yak
   144 | D        | Noticed a yak
   167 | D        | Killed Menkaure
   168 | D        | Reached skill level 9 in Long Blades
   168 | D        | Reached XP level 8. HP: 38/59 MP: 8/8
   176 | D        | Bought a runed triple sword for 364 gold pieces
   247 | D        | Bought a potion of heal wounds for 50 gold pieces
   247 | D        | Bought a potion of heal wounds for 50 gold pieces
   249 | D        | Bought a pair of glowing boots for 165 gold pieces
   259 | D        | Bought a potion of flight for 39 gold pieces
   263 | D        | Bought a pair of fine gloves for 209 gold pieces
   263 | D        | Identified the +3 pair of gloves "Wifyu" {Str+3} (You
                  | bought it in a shop in the Dungeon)
   315 | D        | Found a blossoming altar of Fedhas.
   315 | D        | Found an opulent altar of Gozag.
   316 | D        | Found a white marble altar of Elyvilon.
   316 | D        | Found a burning altar of Makhleb.
   317 | D        | Found a shadowy altar of Dithmenos.
   317 | D        | Found a corrupted altar of Lugonu.
   318 | D        | Found a snail-covered altar of Cheibriados.
   318 | D        | Found an ancient bone altar of Kikubaaqudgha.
   318 | D        | Found a bloodstained altar of Trog.
   319 | D        | Found a viscous altar of Jiyva.
   319 | D        | Found a shimmering blue altar of Sif Muna.
   320 | D        | Found a hazy altar of Hepliaklqana.
   320 | D        | Found a sacrificial altar of Ru.
   335 | D        | Reached skill level 10 in Long Blades
   432 | D        | Noticed a shining eye
   432 | D        | Noticed a shining eye
   433 | D        | Noticed a shining eye
   435 | D        | Killed a shining eye
   436 | D        | Reached skill level 11 in Long Blades
   439 | D        | Killed a shining eye
   439 | D        | Gained mutation: You sometimes lose your temper in combat.
                  | [a shining eye]
   440 | D        | Reached XP level 9. HP: 65/65 MP: 9/9
   441 | D        | Gained mutation: You are vulnerable to heat. (rF-) [a
                  | shining eye]
   442 | D        | Gained mutation: You are clumsy. (Dex -2) [a shining eye]
   443 | D        | Killed a shining eye
   444 | D        | Reached skill level 12 in Long Blades
   450 | D        | Noticed a deep elf master archer
   464 | D        | Reached skill level 13 in Long Blades
   479 | D        | Noticed a death drake
   481 | D        | Noticed a crystal guardian
   482 | D        | Noticed a death drake
   526 | D        | Killed a death drake
   542 | D        | Killed a death drake
   543 | D        | Reached skill level 14 in Long Blades
   543 | D        | Reached XP level 10. HP: 46/73 MP: 10/10
   551 | D        | Bought a potion of flight for 39 gold pieces
   551 | D        | Bought a potion of heal wounds for 65 gold pieces
   551 | D        | Bought a potion of heal wounds for 65 gold pieces
   566 | D        | Bought a shiny chain mail for 165 gold pieces
   592 | D        | Noticed an elephant
   592 | D        | Noticed a centaur warrior
   592 | D        | Noticed Kirke
   592 | D        | Noticed a kobold demonologist
   592 | D        | Noticed a skeletal warrior
   592 | D        | Noticed a yaktaur captain
   598 | D        | Noticed a rust devil
   600 | D        | Killed a yaktaur captain
   601 | D        | Reached skill level 15 in Long Blades
   620 | D        | Killed a skeletal warrior
   626 | D        | Noticed a manticore
   627 | D        | Killed Kirke
   628 | D        | Reached skill level 16 in Long Blades
   630 | D        | Killed a kobold demonologist
   635 | D        | Killed an elephant
   636 | D        | Reached skill level 17 in Long Blades
   638 | D        | Noticed a great orb of eyes
   645 | D        | Killed a centaur warrior
   646 | D        | Reached XP level 11. HP: 33/80 MP: 11/11
   649 | D        | Killed a great orb of eyes
   798 | D        | Reached skill level 18 in Long Blades
   810 | D        | Reached skill level 1 in Stealth
   851 | D        | Found Yjeohatt's General Store.
   851 | D        | Found Beant's Jewellery Shop.
   851 | D        | Found Plog's Weapon Shop.
   851 | D        | Found Efoi's Armour Shoppe.
   851 | D        | Found Etudodaf's Magic Scroll Boutique.
   852 | D        | Found Zaipp's Distillery.
   852 | D        | Found Distosai's General Store.
   852 | D        | Found Ruwyku Cosa's Book Emporium.
   852 | D        | Found Wuiciess's Book Shop.
   852 | D        | Found Rokidu's Antique Weapon Emporium.
   852 | D        | Found Vuil's Weapon Shop.
   852 | D        | Found Tuamuafa's Distillery.
   925 | D        | Bought a potion of heal wounds for 55 gold pieces
   925 | D        | Bought a potion of mutation for 88 gold pieces
   928 | D        | Bought a scroll of blinking for 90 gold pieces
   929 | D        | Bought a +0 helmet for 45 gold pieces
   942 | D        | Bought a scroll of blinking for 90 gold pieces
   942 | D        | Bought a scroll of fog for 48 gold pieces
   956 | D        | Noticed a storm dragon
   956 | D        | Noticed a cacodemon
   956 | D        | Noticed a golden dragon
   957 | D        | Noticed a bone dragon
   957 | D        | Noticed a frost giant
   972 | D        | Lost mutation: You are vulnerable to heat. (rF-) [potion of
                  | mutation]
   972 | D        | Lost mutation: You sometimes lose your temper in combat.
                  | [potion of mutation]
   972 | D        | Lost mutation: You are clumsy. (Dex -2) [potion of
                  | mutation]
   972 | D        | Gained mutation: You are partially covered in iridescent
                  | scales. (AC +2) [potion of mutation]
   972 | D        | Gained mutation: You sometimes lose your temper in combat.
                  | [potion of mutation]
   972 | D        | Gained mutation: You have a pair of small antennae on your
                  | head. [potion of mutation]
   980 | D        | Slain by a frost giant

Illustrated notes

Levels and vault maps discovered:
D:        the_violet_keep_of_menkaure [sprint2_stairs_cluster_1,
          sprint2_shoproom, sprint2_temple, sprint2_basic_supplies,
          sprint2_obstacle_7, sprint2_obstacle_1, sprint2_obstacle_4,
          sprint2_obstacle_6, sprint2_obstacle_2, sprint2_timed_cluster_1,
          sprint2_smallroom_cluster_1, sprint2_smallroom_final_cluster_1,
          sprint2_transparent_cluster_1, sprint2_second_timed_cluster_1,
          sprint2_sniper_area_1, sprint2_heavy_combat_area_1,
          sprint2_mutation_trap_area_1, sprint2_forest_area_1,
          sprint2_light_combat_area_1, sprint2_behind_water_1,
          sprint2_near_end_vault_1]

Skill      XL: |  1  2  3  4  5  6  7  8  9 10 11 |
---------------+----------------------------------+-----
Fighting       | 5 7 8 9 10 12 13 14 | 14.7
Long Blades    | 3 4 5 7 9 11 14 17 18 | 18.6
Armour         | 5 7 8 9 10 12 13 | 13.6
Dodging        | 2 3 4 |  4.1
Stealth        | 1 |  1.1
Shields        | |  3.2
Unarmed Combat | |  0.2

Action                     |  1- 3 |  4- 6 |  7- 9 | 10-12 || total
---------------------------+-------+-------+-------+-------++-------
  Melee: Long sword        |     9 |    52 |    24 |       ||    85
         Triple sword      |       |       |    56 |    96 ||   152
         Unarmed           |       |       |       |     2 ||     2
    Use: Potion            |     1 |     1 |     5 |     5 ||    12
         Scroll            |       |       |     1 |       ||     1
 Armour: Scale mail        |     4 |    22 |    61 |       ||    87
         Chain mail        |       |       |       |    89 ||    89
  Dodge: Dodged            |     7 |    21 |    49 |    47 ||   124

Table legend: (Time is in decaauts)
 A = Elapsed time spent in this place.
 B = Non-inter-level travel time spent in this place.
 C = Inter-level travel time spent in this place.
 D = Time resting spent in this place.
 E = Time spent auto-exploring this place.
 F = Levels seen in this place.
 G = Mean time per level.
                   A        B        C        D        E       F      G
               +--------+--------+--------+--------+--------+-----+--------+
         Total |   1075 |   1075 |      0 |    210 |    170 |   1 | 1075.0 |
       Dungeon |   1075 |   1075 |      0 |    210 |    170 |   1 | 1075.0 |
               +--------+--------+--------+--------+--------+-----+--------+

Top non-repeatable levels by time:
       D: 1075 daAuts
